Map: Heavy Artillery LE

Players

ShaolinAmove - Winner!

  • Race: Terran Terran
  • Spawn Location: 1:00

Rodney - Winner!

  • Race: Zerg Zerg
  • League: Platinum
  • Spawn Location: 3:00

Massa

  • Race: Terran Terran
  • League: Platinum
  • Spawn Location: 7:00

qqq

  • Race: Zerg Zerg
  • Spawn Location: 7:00

VOD

Have the link to the VOD?

Description

Time

  • Played on: Oct. 19, 2020, 2:54 p.m.
  • Length: 20:08
Show
View Real Time Build Order
Export as new Build Order

ShaolinAmove Terran - Winner!

Build Orders: 2 Factory, Gas First Reaper Expand, Mech 

Get SALT Encoding   

  12  0:02  SCV  
  13  0:14  SCV  
  13  0:19  Supply Depot  
  14  0:26  SCV  
  15  0:32  Refinery  
  15  0:41  SCV  
  16  0:46  Barracks  
  16  0:53  SCV  
  17  1:05  SCV  
  18  1:17  SCV  
  19  1:33  Orbital Command  
  19  1:35  Reaper  
  20  1:42  Command Center  
  20  1:55  Factory  
  20  2:21  Barracks Reactor  
  20  2:23  SCV  
  20  2:27  Supply Depot  
  21  2:33  Refinery  
  21  2:35  SCV  
  22  2:47  SCV  
  23  3:05  Factory  
  23  3:10  Hellion x2  
  23  3:11  SCV  
  23  3:12  Barracks Tech Lab  
  28  3:23  SCV  
  29  3:30  Command Center  
  29  3:35  SCV, Supply Depot  
  30  3:47  SCV  
  31  4:15  Cyclone  
  31  4:16  Hellion x2  
  38  4:18  Mag-Field Accelerator  
  38  4:23  SCV  
  39  4:32  Orbital Command  
  39  4:35  SCV  
  40  4:41  Widow Mine x2  
  40  4:43  Orbital Command  
  44  4:51  Engineering Bay  
  44  4:55  Cyclone  
  47  5:01  SCV x2  
  49  5:13  SCV x2  
  39  5:27  Hellion x2  
  39  5:28  SCV x3  
  46  5:31  Refinery  
  46  5:33  Refinery  
  44  5:40  SCV x3  
  46  5:45  Cyclone  
  49  5:52  SCV, Factory  
  49  5:54  Factory x2  
  49  5:55  Factory  
  43  6:20  Siege Tank  
  43  6:21  Hellion x2  
  34  6:40  Factory Reactor  
  34  6:42  Factory Tech Lab x3  
  22  7:10  SCV x3  
  25  7:22  SCV x3  
  28  7:23  Refinery  
  28  7:24  Refinery  
  28  7:33  Cyclone x2  
  28  7:34  SCV x3, Hellion x3  
  28  7:35  Hellion x3  
  49  7:46  SCV x2  
  49  7:48  SCV  
  52  7:54  Missile Turret  
  53  7:58  SCV x2  
  53  8:00  SCV, Missile Turret  
  53  8:03  Missile Turret  
  55  8:11  Cyclone x3  
  68  8:13  Hellion x2  
  68  8:15  Infernal Pre-Igniter  
  68  8:21  Supply Depot  
  68  8:22  SCV, Supply Depot x2  
  68  8:26  SCV, Hellion x3  
  76  8:35  SCV  
  77  8:43  SCV x2  
  77  8:47  SCV  
  80  8:51  Supply Depot  
  80  8:55  SCV x2  
  82  9:08  Siege Tank x4  
  82  9:09  Hellion  
  88  9:30  SCV x3  
  91  9:42  SCV x3  
  94  9:54  SCV  
  94  9:58  Command Center  
  95  10:06  SCV x3  
  98  10:11  Armory x2  
  98  10:15  Siege Tank x3  
  98  10:18  SCV x2  
  109  10:37  SCV, Hellion x2, Siege Tank  
  109  10:41  Supply Depot x2  
  109  10:42  Supply Depot  
  117  10:45  Missile Turret  
  117  10:46  SCV  
  114  11:04  Hellion x2  
  114  11:19  Cyclone x4  
  114  11:20  Hellion  
  114  11:21  Hellion  
  132  11:25  Hellion  
  132  11:30  Starport  
  132  11:34  Starport  
  132  11:35  Starport  
  132  11:41  Supply Depot, Terran Vehicle And Ship Armor Level 1, Terran Vehicle Weapons Level 1  
  132  11:42  Supply Depot  
  132  11:44  Supply Depot  
  132  12:03  SCV x3  
  135  12:13  Planetary Fortress  
  135  12:15  SCV x3  
  138  12:27  SCV x2  
  140  12:33  Starport Reactor  
  140  12:34  Starport Reactor x2  
  140  12:39  Fusion Core  
  140  12:42  Missile Turret x2  
  140  12:43  Missile Turret  
  140  12:44  Missile Turret  
  140  12:45  SCV  
  140  12:46  SCV x2  
  143  12:58  SCV x3  
  146  13:06  Siege Tank x3  
  146  13:10  SCV  
  156  13:13  SCV x2  
  156  13:14  Siege Tank  
  139  13:38  Siege Tank  
  139  13:41  Liberator x6  
  133  13:42  Advanced Ballistics  
  147  13:49  SCV x4  
  147  13:51  Refinery  
  147  13:53  Refinery  
  147  13:55  Missile Turret  
  151  13:56  Missile Turret x2  
  151  14:01  SCV  
  151  14:02  Cyclone x3  
  155  14:04  Terran Vehicle Weapons Level 2  
  155  14:05  Terran Vehicle And Ship Armor Level 2  
  155  14:11  Supply Depot  
  155  14:12  Hellion, Supply Depot  
  155  14:13  Command Center, Supply Depot  
  155  14:14  Supply Depot  
  155  14:16  Supply Depot  
  156  14:24  Hellion  
  156  14:27  Sensor Tower  
  156  14:30  Cyclone  
  155  14:33  Hellion x2  
  159  14:56  Liberator  
  159  14:57  Liberator x2, Viking x2  
  159  14:58  Viking  
  174  15:05  Command Center  
  174  15:27  Viking x2  
  174  15:28  Viking  
  180  15:39  Viking, Siege Tank x4  
  180  15:40  Viking x2  
  186  16:30  Liberator  
  186  16:31  Liberator x5  
  135  17:14  Liberator x5  
  150  17:16  Siege Tank  
  150  17:17  Siege Tank x3  
  160  18:21  Cyclone x4  
  160  18:22  Hellion x4  
  174  18:43  Hellion  
  176  19:00  Cyclone x4  
  192  19:03  Hellion x3  
  192  19:05  Hellion  
Show
View Real Time Build Order
Export as new Build Order

Rodney Zerg - Winner!

Build Orders: Hatch First, Brood Lord Corruptor 

Get SALT Encoding   

  12  0:00  Drone  
  13  0:09  Drone  
  13  0:13  Extractor  
  13  0:15  Drone  
  15  0:38  Hatchery  
  14  0:53  Spawning Pool  
  13  0:57  Drone  
  13  1:04  Overlord  
  14  1:08  Extractor  
  14  1:09  Drone  
  14  1:23  Drone x2  
  16  1:31  Drone  
  17  1:42  Queen  
  19  1:53  Spine Crawler  
  18  1:54  Drone  
  18  1:55  Drone  
  20  2:01  Drone x2  
  22  2:13  Queen  
  24  2:26  Drone x4  
  28  2:31  Overlord  
  28  2:39  Metabolic Boost  
  28  2:42  Overlord  
  28  3:02  Drone x6  
  28  3:03  Drone  
  35  3:17  Lair  
  35  3:25  Queen  
  35  3:26  Drone  
  35  3:27  Drone x3  
  41  3:46  Extractor  
  41  3:48  Drone x3  
  41  3:49  Drone  
  43  4:01  Hatchery  
  43  4:05  Extractor  
  43  4:06  Extractor  
  41  4:10  Extractor  
  41  4:13  Evolution Chamber  
  41  4:15  Evolution Chamber  
  38  4:35  Drone x3  
  38  4:36  Drone x2  
  38  4:37  Drone  
  44  4:42  Hatchery  
  44  4:44  Overlord x3, Baneling Nest  
  42  4:47  Zerg Melee Weapons Level 1  
  42  4:48  Zerg Missile Weapons Level 1  
  42  5:17  Zergling x22  
  53  5:26  Zergling x2  
  53  5:27  Zergling x4  
  56  5:35  Centrifical Hooks  
  51  6:06  Hatchery  
  50  6:17  Infestation Pit  
  49  6:18  Drone  
  49  6:19  Drone x7, Spore Crawler  
  54  6:46  Zergling x16  
  54  6:47  Zergling x2  
  61  6:53  Spore Crawler  
  60  6:56  Drone x2  
  60  6:57  Drone x3  
  60  7:11  Drone  
  60  7:12  Drone x6  
  67  7:18  Hive  
  67  7:22  Zerg Ground Armor Level 1, Zerg Melee Weapons Level 2  
  67  7:23  Spire  
  67  7:24  Pathogen Glands  
  66  7:34  Drone  
  66  7:35  Drone x6  
  72  7:38  Spore Crawler  
  72  7:40  Spine Crawler  
  72  7:41  Extractor  
  72  7:43  Extractor  
  68  7:50  Spore Crawler  
  67  8:01  Drone x5  
  67  8:02  Drone x8  
  80  8:11  Baneling x4  
  80  8:12  Baneling  
  80  8:30  Overlord x6  
  80  8:31  Overlord x3  
  80  8:43  Spine Crawler  
  78  8:55  Spine Crawler, Spore Crawler  
  76  8:56  Infestor x3  
  76  8:57  Infestor x2  
  76  8:58  Corruptor x5  
  96  9:11  Zergling x10  
  96  9:12  Zergling x8  
  100  9:25  Greater Spire  
  100  9:29  Zerg Ground Armor Level 2  
  100  9:30  Spore Crawler  
  99  9:32  Drone  
  99  9:33  Drone x9  
  99  9:34  Drone  
  99  9:38  Zerg Missile Weapons Level 2  
  107  9:54  Spine Crawler  
  102  10:01  Zergling x4  
  102  10:04  Spine Crawler  
  99  10:12  Hatchery  
  99  10:13  Baneling  
  99  10:14  Baneling x5  
  97  10:19  Corruptor x6  
  109  10:21  Infestor x3  
  109  10:22  Infestor  
  109  10:27  Extractor  
  116  10:30  Extractor  
  116  10:31  Drone x3  
  116  10:32  Drone x2  
  120  10:48  Brood Lord x2  
  126  10:50  Brood Lord  
  126  10:51  Hatchery, Overlord x5  
  125  11:02  Zergling x2  
  125  11:03  Zergling x6  
  129  11:04  Zerg Flyer Weapons Level 1  
  129  11:20  Brood Lord  
  129  11:21  Brood Lord  
  129  11:23  Brood Lord  
  129  11:25  Hatchery  
  134  11:27  Drone x4  
  134  11:28  Drone x5  
  143  11:33  Hatchery  
  143  11:39  Drone x5  
  148  11:40  Drone x4  
  151  11:50  Overseer x2  
  145  12:16  Extractor  
  145  12:21  Extractor  
  143  12:29  Extractor  
  141  12:30  Extractor  
  138  12:42  Zergling x4  
  138  12:51  Corruptor x6  
  128  12:52  Corruptor x3  
  146  13:01  Zergling x10  
  143  13:05  Zergling x4  
  143  13:06  Zergling x12  
  143  13:14  Zergling x10  
  143  13:15  Zergling x6  
  143  13:19  Drone x2  
  139  13:32  Hatchery  
  137  13:38  Baneling x5  
  137  13:39  Baneling  
  137  13:40  Drone  
  137  13:41  Drone x3  
  141  13:44  Drone x2  
  141  13:45  Drone x3  
  146  14:02  Hatchery  
  145  14:03  Zerg Flyer Armor Level 1  
  145  14:04  Zerg Missile Weapons Level 3, Hydralisk Den, Zerg Ground Armor Level 3  
  144  14:20  Hatchery  
  143  14:35  Zergling x24  
  155  14:39  Spore Crawler  
  155  14:42  Spine Crawler  
  155  14:44  Spine Crawler  
  150  15:00  Viper  
  150  15:01  Viper x4  
  158  15:30  Hydralisk x2  
  158  15:31  Hydralisk x5  
  156  15:49  Spine Crawler  
  153  15:51  Spine Crawler, Spore Crawler  
  153  15:56  Zergling x14, Zerg Flyer Weapons Level 2  
  153  15:57  Zergling x6  
  153  16:03  Drone  
  153  16:04  Drone  
  156  16:05  Hatchery  
  155  16:12  Overseer x3  
  155  16:13  Overseer  
  155  16:18  Zergling x8  
  158  16:24  Drone x2  
  158  16:25  Drone  
  162  16:26  Drone x4  
  162  16:32  Spine Crawler  
  165  16:41  Zerg Melee Weapons Level 3  
  160  17:11  Spine Crawler  
  160  17:12  Spine Crawler  
  160  17:14  Spine Crawler x2, Spore Crawler  
  146  17:15  Zergling x2  
  146  17:16  Zergling x36  
  161  17:25  Hydralisk  
  163  17:30  Zergling x2  
  163  17:31  Zergling x8  
  164  17:37  Adrenal Glands  
  164  17:48  Drone x8  
  172  17:56  Baneling x2  
  162  18:29  Viper x2  
  162  18:31  Baneling  
  162  18:32  Baneling x11  
  167  18:34  Baneling  
  167  18:35  Baneling x5  
  167  18:36  Brood Lord x3  
  167  18:37  Brood Lord x3  
  166  18:52  Extractor  
  166  18:53  Zergling x6  
  166  18:54  Extractor  
  109  19:25  Hatchery  
  106  19:35  Hatchery  
  105  19:49  Hatchery  
Show
View Real Time Build Order
Export as new Build Order

Massa Terran 

Build Orders: Reaper Expand 

Get SALT Encoding   

  12  0:00  SCV  
  13  0:12  SCV  
  14  0:23  Supply Depot  
  14  0:24  SCV  
  15  0:40  Refinery  
  15  0:45  SCV, Barracks  
  16  0:57  SCV  
  17  1:09  SCV  
  18  1:21  SCV  
  19  1:33  Orbital Command  
  19  1:34  Reaper  
  20  1:44  Command Center  
  20  2:00  SCV  
  21  2:04  Factory  
  21  2:06  Marine  
  22  2:14  SCV  
  23  2:25  Barracks Reactor  
  23  2:28  Supply Depot  
  23  2:33  Engineering Bay  
  23  2:34  Supply Depot  
  23  2:50  SCV  
  24  3:02  SCV  
  25  3:05  Supply Depot  
  25  3:20  Orbital Command  
  25  3:21  SCV  
  25  3:23  Starport, Refinery  
  25  3:25  Barracks Reactor  
  25  3:26  Hellion  
  28  3:28  Hellion  
  28  3:33  SCV  
  31  3:45  SCV  
  31  3:48  Hellion  
  34  3:57  SCV  
  34  4:03  Hellion, Marine  
  34  4:04  Marine  
  34  4:08  SCV  
  34  4:09  SCV, Hellion  
  42  4:13  Barracks  
  42  4:15  Medivac  
  44  4:20  SCV  
  44  4:21  Marine x2  
  44  4:22  SCV  
  48  4:25  Widow Mine  
  48  4:28  Missile Turret  
  48  4:30  Widow Mine  
  52  4:32  SCV  
  53  4:39  Marine x2  
  55  4:46  SCV x2  
  55  4:50  Widow Mine  
  55  4:52  Widow Mine  
  61  4:58  SCV  
  62  5:04  SCV  
  59  5:12  Widow Mine, Marine  
  62  5:14  Barracks Tech Lab  
  62  5:31  Marine  
  61  5:37  Widow Mine  
  59  5:44  Widow Mine  
  59  5:47  Marine  
  59  5:49  Stimpack  
  62  6:13  Marine x2  
  62  6:30  Marauder  
  62  6:32  Marine  
  62  6:33  Marine  
  61  6:41  Widow Mine  
  62  6:57  Marauder  
  62  6:59  Marine  
  62  7:05  Marine  
  61  7:09  Widow Mine  
  61  7:10  Widow Mine  
  58  7:17  Marine  
  58  7:19  Refinery, Marauder, Supply Depot  
  58  7:20  Supply Depot x2  
  58  7:22  Refinery  
  61  7:23  Marine, Supply Depot  
  61  7:25  Supply Depot  
  61  7:26  Supply Depot  
  61  7:27  Supply Depot  
  62  7:32  Missile Turret  
  62  7:33  Terran Infantry Weapons Level 1  
  62  7:35  Missile Turret  
  62  7:37  Armory  
  62  7:39  Engineering Bay  
  62  7:40  Liberator, Marine  
  62  7:41  Marauder  
  62  7:42  SCV x2  
  72  7:45  Combat Shield  
  72  7:51  Supply Depot x3  
  72  7:53  Supply Depot  
  72  7:54  SCV x2  
  72  8:02  Marauder  
  72  8:05  Barracks  
  74  8:06  SCV x2, Factory Tech Lab  
  76  8:14  Supply Depot x2  
  76  8:15  Supply Depot  
  76  8:18  SCV x2, Supply Depot  
  78  8:23  Terran Infantry Armor Level 1, Medivac  
  80  8:30  SCV  
  80  8:31  SCV, Terran Vehicle Weapons Level 1  
  82  8:39  Supply Depot  
  82  8:40  Siege Tank  
  85  8:42  SCV, Marauder  
  85  8:43  Marine x2  
  90  8:54  Marine x2  
  92  9:01  Marine x2  
  94  9:04  Marauder, Concussive Shells, Medivac  
  94  9:07  Command Center  
  98  9:12  Marine x2, Siege Tank  
  103  9:19  Marine x2  
  105  9:25  Marauder  
  105  9:30  Marine  
  105  9:36  Marine  
  105  9:37  Marine  
  103  9:47  Marauder  
  103  9:50  Marine x2  
  107  9:54  Marine  
  107  9:55  Marine  
  109  10:07  Marine, Liberator  
  109  10:08  Marauder, Marine  
  109  10:11  Siege Tank  
  109  10:12  Marine  
  109  10:13  SCV x2, Marine  
  123  10:25  SCV x2, Marine  
  123  10:26  Marine  
  127  10:29  Marauder  
  129  10:37  SCV  
  129  10:38  SCV  
  131  10:43  Siege Tank  
  131  10:49  SCV  
  135  10:50  SCV, Medivac  
  135  10:51  Marauder  
  129  11:01  SCV  
  129  11:02  SCV  
  122  11:05  Smart Servos  
  122  11:09  Marine x4  
  126  11:12  Marauder  
  126  11:15  Orbital Command, Siege Tank  
  126  11:16  SCV  
  126  11:17  SCV  
  133  11:27  Marine x3  
  133  11:29  Terran Infantry Armor Level 2, SCV x2, Terran Infantry Weapons Level 2, Command Center  
  133  11:32  Terran Vehicle And Ship Armor Level 1  
  138  11:33  Marauder  
  140  11:41  SCV x2  
  140  11:45  Refinery  
  140  11:46  Refinery  
  142  11:51  Starport Tech Lab  
  142  11:53  SCV x2  
  144  11:55  Marauder  
  143  12:16  Marauder  
  145  12:24  Drilling Claws  
  145  12:38  Liberator  
  148  12:45  Fusion Core  
  140  13:21  Liberator  
  126  14:13  Medivac  
  126  14:14  Marauder  
  126  14:15  Marine x4  
  126  14:16  Planetary Fortress  
  134  14:18  SCV x3  
  134  14:20  Refinery  
  134  14:21  Refinery  
  137  14:30  SCV x3  
  140  14:32  Barracks, Marine  
  140  14:33  Barracks, Marine x3  
  140  14:35  Barracks, Marauder, Factory  
  141  14:42  SCV x2, Medivac  
  145  14:50  Marine  
  145  14:51  Marine  
  145  14:57  Marauder  
  130  15:12  Medivac  
  132  15:14  Starport  
  132  15:18  Marauder  
  134  15:25  Marine  
  134  15:26  Marine x3  
  132  15:31  Barracks Tech Lab  
  132  15:32  Barracks Reactor  
  124  15:37  Factory Tech Lab  
  124  15:39  Marauder  
  124  15:43  Marine  
  124  15:44  Marine x3  
  128  15:51  Starport  
  126  16:01  Marauder, Marine  
  126  16:02  Marine x3  
  132  16:10  Missile Turret  
  132  16:11  Missile Turret x2  
  118  16:14  Missile Turret  
  118  16:16  Missile Turret x2  
  107  16:19  Marine x4, Command Center  
  107  16:22  Marauder  
  112  16:31  Command Center  
  109  16:37  Missile Turret x2  
  109  16:39  Missile Turret  
  109  16:43  Marauder  
  71  17:19  Marauder x2  
  63  17:27  Siege Tank  
  63  17:28  Siege Tank  
  63  17:29  Marine  
  63  17:30  Marine x5  
  64  17:40  Marauder x2  
  64  17:41  Barracks Tech Lab  
  68  17:45  Command Center  
  68  17:47  Marine x2  
  68  17:48  Marine x4  
  73  18:00  Siege Tank x2  
  73  18:01  Marauder  
  73  18:02  Marauder  
  73  18:05  Marine x2  
  83  18:06  Marine x3  
  73  18:22  Marauder, Marine  
  73  18:23  Marauder x2, Marine x3  
  73  18:24  Marine x2  
  83  18:32  Siege Tank x2  
  89  18:40  Marine  
  89  18:41  Marine x2  
  81  18:43  Marauder  
  81  18:44  Marauder x2  
  88  18:49  Command Center  
  74  19:04  Siege Tank  
  63  19:11  Marauder x3, Marine x6  
  62  19:18  Viking  
  56  19:29  Marine x6  
  62  19:32  Marauder  
  62  19:33  Marauder x2  
  68  19:47  Marine x6  
Show
View Real Time Build Order
Export as new Build Order

qqq Zerg 

Build Orders: Hatch First, Lurkers 

Get SALT Encoding   

  12  0:01  Drone  
  13  0:09  Drone  
  14  0:34  Hatchery  
  13  0:38  Drone  
  14  0:57  Spawning Pool  
  13  1:03  Overlord  
  13  1:13  Drone  
  13  1:17  Extractor  
  13  1:18  Drone  
  14  1:30  Drone x2  
  16  1:42  Drone  
  17  1:52  Drone  
  17  1:53  Queen  
  20  1:58  Queen  
  22  2:02  Drone  
  22  2:08  Drone x2  
  24  2:21  Overlord  
  24  2:22  Drone  
  25  2:24  Drone  
  25  2:25  Drone  
  27  2:30  Drone  
  28  2:43  Drone  
  28  2:44  Zergling x2  
  30  2:51  Hatchery  
  29  2:52  Zergling x2  
  29  2:54  Drone  
  29  2:56  Drone  
  32  3:00  Metabolic Boost  
  32  3:03  Zergling x2  
  33  3:08  Drone  
  33  3:09  Zergling x2  
  33  3:12  Zergling x2  
  36  3:22  Drone, Roach Warren  
  36  3:25  Overlord  
  36  3:30  Overlord  
  36  3:34  Overlord  
  36  3:39  Overlord  
  36  3:46  Lair  
  37  3:48  Zergling x2  
  37  3:51  Zergling x2  
  37  3:52  Zergling x2  
  37  3:54  Drone  
  40  3:59  Drone  
  40  4:00  Drone  
  40  4:02  Zergling x2  
  43  4:05  Roach  
  43  4:08  Roach  
  47  4:11  Roach  
  47  4:14  Roach  
  51  4:18  Drone x2  
  51  4:20  Drone  
  51  4:22  Drone  
  55  4:25  Drone  
  55  4:27  Roach  
  58  4:32  Extractor  
  58  4:34  Queen  
  58  4:36  Drone  
  60  4:39  Drone x2  
  60  4:41  Drone  
  60  4:44  Roach  
  65  4:47  Roach  
  65  4:49  Roach  
  65  4:52  Zergling x2  
  70  4:53  Drone x2  
  70  4:57  Drone  
  67  5:17  Roach x3  
  67  5:19  Overlord x2  
  67  5:20  Overlord x4  
  69  5:53  Roach x3  
  69  5:56  Drone  
  69  5:57  Drone x5  
  71  6:08  Roach  
  71  6:10  Drone x2  
  75  6:20  Roach  
  77  6:29  Drone  
  77  6:30  Extractor  
  77  6:31  Roach  
  79  6:34  Drone  
  74  6:44  Zergling x4  
  74  6:45  Drone x3  
  73  6:51  Extractor  
  72  6:56  Drone, Hydralisk Den  
  72  6:57  Drone, Evolution Chamber  
  72  7:07  Drone, Baneling Nest  
  72  7:13  Roach x5  
  72  7:14  Drone  
  72  7:15  Hatchery  
  82  7:18  Drone  
  82  7:19  Drone x2, Hatchery  
  82  7:20  Roach  
  82  7:21  Drone  
  81  7:41  Roach x2  
  81  7:42  Roach x3  
  81  7:43  Drone x2  
  91  7:58  Hydralisk x2  
  91  7:59  Hydralisk  
  91  8:01  Baneling x2, Lurker Den  
  91  8:02  Drone  
  91  8:03  Drone x3  
  91  8:04  Overlord x2  
  100  8:05  Hydralisk  
  100  8:07  Zergling x4  
  100  8:11  Baneling x2  
  104  8:15  Extractor  
  104  8:17  Extractor  
  104  8:18  Drone  
  104  8:19  Roach x4  
  111  8:23  Hydralisk  
  111  8:24  Hatchery, Zergling x6  
  111  8:25  Drone, Zergling x2  
  111  8:26  Drone x2  
  119  8:32  Hatchery  
  116  8:52  Baneling x6  
  116  8:53  Baneling x5  
  116  8:54  Baneling  
  116  8:55  Hydralisk  
  116  8:56  Zergling x12  
  116  8:57  Overlord x3  
  116  8:58  Drone x5  
  116  8:59  Drone x7  
  121  9:28  Drone x6  
  121  9:29  Drone x2  
  129  9:36  Hydralisk x2, Muscular Augments  
  129  9:37  Hydralisk x4, Infestation Pit  
  129  9:38  Hydralisk x2  
  142  9:39  Drone x2  
  142  9:40  Drone  
  142  9:44  Spine Crawler  
  133  10:09  Hydralisk x3  
  133  10:10  Hydralisk  
  133  10:11  Zergling x4  
  133  10:12  Drone  
  133  10:13  Drone x7  
  133  10:14  Drone x2  
  147  10:20  Lurker  
  147  10:21  Lurker x4  
  152  10:25  Drone x2  
  154  10:32  Extractor, Hive  
  154  10:33  Extractor  
  152  10:36  Zerg Missile Weapons Level 1  
  152  10:37  Zergling x8  
  152  10:38  Zergling x10  
  161  10:42  Evolution Chamber  
  160  11:01  Hydralisk x2, Zergling x4  
  160  11:03  Overlord x3  
  160  11:04  Overlord  
  166  11:09  Zerg Ground Armor Level 1  
  166  11:14  Extractor x2, Pneumatized Carapace  
  164  11:23  Spore Crawler  
  164  11:24  Hatchery  
  162  11:26  Hatchery  
  162  11:27  Zergling x10  
  162  11:28  Zergling x6  
  162  11:30  Lurker x4  
  162  11:31  Hydralisk  
  162  11:32  Hatchery  
  174  11:33  Drone x6, Spore Crawler  
  174  11:38  Spore Crawler  
  178  11:41  Spore Crawler  
  171  12:18  Hatchery  
  169  12:30  Zerg Melee Weapons Level 1  
  142  12:45  Hydralisk x2  
  142  12:46  Hydralisk x4  
  142  12:50  Hatchery  
  139  12:51  Spire  
  139  12:53  Drone x3  
  123  13:29  Drone x3, Hatchery  
  113  13:41  Seismic Spines  
  113  13:42  Zerg Missile Weapons Level 2  
  113  14:04  Corruptor x7  
  113  14:05  Corruptor x6  
  113  14:06  Mutalisk, Corruptor  
  113  14:09  Zergling x14  
  151  14:10  Zergling x14  
  154  14:24  Zerg Ground Armor Level 2  
  154  14:31  Spore Crawler  
  153  14:38  Adaptive Talons  
  153  14:41  Lurker x6  
  153  14:45  Zerg Flyer Weapons Level 1  
  159  14:50  Hydralisk x2  
  159  14:52  Zergling x6  
  166  14:53  Zergling x16  
  166  14:54  Zergling x14  
  181  15:12  Hydralisk x2  
  181  15:13  Hydralisk x3  
  181  15:14  Hydralisk x3  
  145  16:38  Hydralisk x6  
  145  16:39  Hydralisk x3, Zerg Flyer Armor Level 1  
  146  16:44  Ultralisk Cavern, Hydralisk x6  
  150  16:59  Hydralisk x3  
  150  17:00  Hydralisk x7  
  150  17:01  Hydralisk x4  
  160  17:07  Hydralisk x2  
  160  17:08  Hydralisk x3  
  161  17:09  Drone  
  161  17:10  Drone x2  
  153  17:30  Corruptor x3  
  153  17:31  Corruptor x5  
  153  17:33  Grooved Spines  
  153  17:36  Zergling x8  
  173  17:38  Drone x2  
  175  17:44  Spore Crawler  
  175  17:49  Lurker x3  
  177  17:58  Hydralisk x5  
  177  17:59  Hydralisk  
  177  18:01  Zergling x4  
  177  18:02  Drone  
  177  18:03  Zergling x2  
  185  18:50  Ultralisk x2  
  185  18:51  Zergling x2  
  185  18:52  Zergling x10  
Tags
 
Add a new tag
Caveats
  • Supply blocks, unpowered buildings, or Contaminate may cause inaccurate times.
  • Supply counts are checked every 10 seconds.